 Dungeon Crawl Stone Soup version 0.29-a0-1065-g47a6bb87d6 (webtiles) character file.

Game seed: 9848017945884239695

169 nickcage the Chopper (level 5, 0/42 HPs)
             Began as a Minotaur Gladiator on Aug 18, 2022.
             Slain by a scorpion (2 damage)
             ... on level 5 of the Dungeon.
             The game lasted 00:03:43 (1570 turns).

nickcage the Chopper (Minotaur Gladiator)           Turns: 1570, Time: 00:03:44

Health: 0/42       AC: 10    Str: 20    XL:     5   Next: 25%
Magic:  4/4        EV: 10    Int:  5    God:
Gold:   62         SH:  0    Dex: 12    Spells: 4/4 levels left

rFire   . . .      SeeInvis .   a - +0 war axe
rCold   . . .      Faith    .   (no shield)
rNeg    . . .      Spirit   .   r - +2 scale mail {Will+}
rPois   .          Reflect  .   c - +0 hat
rElec   .          Harm     .   (no cloak)
rCorr   .          Rampage  .   t - +1 pair of gloves
Will    .....                   (no boots)
Stlth   ..........              (no amulet)
HPRegen 0.14/turn               (no ring)
MPRegen 0.09/turn               (no ring)

@: about to teleport, weak-willed
A: horns 2, retaliatory headbutt
a: no special abilities


You were on level 5 of the Dungeon.
You visited 1 branch of the dungeon, and saw 4 of its levels.

You collected 62 gold pieces.

Inventory:

Hand Weapons
 a - a +0 war axe (weapon)
Missiles
 d - 3 throwing nets
 e - 7 javelins (quivered)
Armour
 b - a +0 leather armour
 c - a +0 hat (worn)
 f - a +0 ring mail
 r - a +2 scale mail of willpower (worn)
 t - a +1 pair of gloves (worn)
Jewellery
 k - an amulet of faith
 l - a ring of protection from cold
 n - a ring of magical power
Scrolls
 j - 6 scrolls of identify {unknown}
 p - 3 scrolls of immolation {unknown}
 s - a scroll of fear {unknown}
 u - a scroll of silence {unknown}
 v - a scroll of enchant weapon {unknown}
Potions
 g - a potion of curing
 h - a potion of haste {unknown}
 o - a potion of flight {unknown}
 w - a potion of mutation {unknown}


   Skills:
 - Level 2.4 Fighting
 + Level 7.2 Axes
 - Level 2.0 Throwing
 - Level 3.2 Dodging


You had 4 spell levels left.
You didn't know any spells.
Your spell library was empty.

Dungeon Overview and Level Annotations

Branches:
Dungeon (3/15)

Altars:

Shops:
D:2 :


Innate Abilities, Weirdness & Mutations

You have a pair of horns on your head.
You reflexively headbutt those who attack you in melee.


Message History

You are lethally poisoned!
The scorpion poisons you!
You barely miss the orc priest.
The orc priest is severely wounded.
You hit the scorpion. You barely miss the orc wizard.
* * * LOW HITPOINT WARNING * * *
You feel very sick.
The scorpion stings you but does no damage.
The orc priest closely misses you. The orc wizard barely misses you.
You hit the orc priest but do no damage.
You headbutt the orc priest.
You kill the orc priest!
You closely miss the scorpion. You closely miss the orc wizard.
* * * LOW HITPOINT WARNING * * *
You feel very sick. The scorpion stings you.
* * * LOW HITPOINT WARNING * * *
The orc wizard closely misses you.
It was a potion of curing.
You feel better. The scorpion closely misses you.
The orc wizard hits you but does no damage.
The scorpion barely misses you.
As you read the scroll labelled MOJAS UCOENT, it crumbles to dust.
You hear a loud clanging noise!
It was a scroll of noise.
You hear an angry hiss. x4; You hear a shout! x3
The orc wizard completely misses you. The scorpion stings you.
* * * LOW HITPOINT WARNING * * *
As you read the scroll labelled FESEK BIAV, it crumbles to dust.
Magic quickly surges around you.
It was a scroll of vulnerability.
The ice beast hits you.
* * * LOW HITPOINT WARNING * * *
The ice beast freezes you.
* * * LOW HITPOINT WARNING * * *
The scorpion stings you but does no damage.
The orc wizard hits you but does no damage.
Okay, then.
As you read the scroll labelled TEALOI SEDE, it crumbles to dust.
You feel strangely unstable.
It was a scroll of teleportation.
The scorpion stings you.
You die...

#.# .... .
#.# ....
.##.#
#......#.#
#....#.#.#
#.....(#.#
.....#.# ##.
#.o#s#.....
#.Y@.....#
#........#
#........#
#........#
#..........
###......##.
#$...#..#
####.)..#


You could see an ice beast (weak-willed), a scorpion (weak-willed) and an orc
wizard (weak-willed).

Vanquished Creatures
  A hound (D:5)
  An orc priest (D:5)
  An iguana (D:5)
  3 adders (D:2)
  2 worms (D:2)
  3 dart slugs
  An orc (D:5)
  3 endoplasms (D:2)
  4 goblins (D:2)
  4 hobgoblins
  8 jackals
  6 kobolds
  2 quokkas
  A ball python (D:1)
  2 bats
  A frilled lizard (D:2)
  A rat (D:1)
44 creatures vanquished.

Notes
Turn   | Place    | Note
-------+----------+-------------------------------------------
     0 | D:1      | nickcage the Minotaur Gladiator began the quest for the
                  | Orb.
     0 | D:1      | Reached XP level 1. HP: 18/18 MP: 0/0
    42 | D:1      | Reached skill level 4 in Axes
   119 | D:1      | Reached XP level 2. HP: 11/25 MP: 1/1
   403 | D:1      | Found a faded altar of an unknown god.
   807 | D:2      | Reached skill level 5 in Axes
   996 | D:2      | Reached XP level 3. HP: 30/30 MP: 2/2
  1137 | D:2      | Found Ankuugemu's Book Shoppe.
  1261 | D:2      | Reached XP level 4. HP: 37/37 MP: 3/3
  1266 | D:2      | Reached skill level 6 in Axes
  1523 | D:3      | You fall into a shaft and drop 2 floors!
  1523 | D:5      | Entered Level 5 of the Dungeon
  1541 | D:5      | Noticed a scorpion
  1543 | D:5      | Reached XP level 5. HP: 23/42 MP: 4/4
  1562 | D:5      | Reached skill level 7 in Axes
  1562 | D:5      | Noticed an ice beast
  1569 | D:5      | HP: 2/42 [ice beast (6)]
  1570 | D:5      | Slain by a scorpion

Illustrated notes

Levels and vault maps discovered:
D:1:      dpeg_arrival_line_fractal, layout_rooms,
          dreamdust_ecumenical_altar_statues
D:2:      layout_rooms, serial_rivers, chequers_serial_rivers_room_a,
          chequers_serial_rivers_small_3, chequers_serial_rivers_small_b,
          chequers_serial_rivers_small_a, chequers_serial_rivers_small_b,
          serial_shops, shop, chequers_serial_rivers_micro_a
D:3:      layout_rooms, chei_slow_surprise, uniq_jessica, uniq_robin
D:5:      layout_basic

Skill      XL: |  1  2  3  4  5 |
---------------+----------------+-----
Axes           | 4 5 6 7 |  7.2
Fighting       | |  2.4
Throwing       | |  2.0
Dodging        | |  3.2

Action                   |  1- 3 |  4- 6 || total
-------------------------+-------+-------++-------
Melee: War axe           |    75 |    30 ||   105
       Headbutt          |    10 |     3 ||    13
  Use: Scroll            |       |     3 ||     3
       Potion            |       |     1 ||     1
Armor: Ring mail         |    15 |       ||    15
       Scale mail        |    22 |    25 ||    47
Dodge: Dodged            |    41 |    24 ||    65

Table legend: (Time is in decaauts)
 A = Elapsed time spent in this place.
 B = Non-inter-level travel time spent in this place.
 C = Inter-level travel time spent in this place.
 D = Time resting spent in this place.
 E = Time spent auto-exploring this place.
 F = Levels seen in this place.
 G = Mean time per level.
                   A        B        C        D        E       F      G
               +--------+--------+--------+--------+--------+-----+--------+
         Total |   1602 |   1561 |     41 |      0 |   1247 |   4 |  400.5 |
       Dungeon |   1602 |   1561 |     41 |      0 |   1247 |   4 |  400.5 |
               +--------+--------+--------+--------+--------+-----+--------+

Top non-repeatable levels by time:
     D:2: 880 daAuts
     D:1: 659 daAuts
     D:5: 50 daAuts
     D:3: 12 daAuts
